 Dungeon Crawl Stone Soup version 0.31.0-9-g3a7656b989 (webtiles) character file.

Game seed: 1604528648739490112

50645 Peloso the Fencer (level 14, 0/129 HPs)
             Began as a Minotaur Fighter on Feb 3, 2024.
             Was a High Priest of Okawaru.
             Slain by a two-headed ogre
             ... wielding a +0 giant club of flaming
              (3 damage)
             ... in a volcano.
             The game lasted 00:51:20 (15120 turns).

Peloso the Fencer (Minotaur Fighter)               Turns: 15120, Time: 00:51:21

Health: 0/129      AC: 21    Str: 23    XL:     14   Next: 20%
Magic:  13/13      EV:  7    Int:  8    God:    Okawaru [*****.]
Gold:   900        SH: 21    Dex: 13    Spells: 13/13 levels left

rFire   + . .        a - +2 scimitar (flame)
rCold   + + .        d - +2 tower shield {rC+}
rNeg    . . .        r - +0 plate armour
rPois   +            X - +1 hat {Int+3}
rElec   .            C - scarf {rC+ rF+}
rCorr   .            I - +2 pair of gloves
SInv    .            (no boots)
Will    +....        f - amulet of regeneration Stlth
                     m - ring of poison resistance
HPRegen 1.21/turn    L - ring of flight
MPRegen 0.13/turn

%: no passive effects
@: flying
A: horns 2, retaliatory headbutt
a: Renounce Religion, Heroism, Finesse, Duel


You were in a volcano.
You worshipped Okawaru.
Okawaru was extremely pleased with you.
You visited 3 branches of the dungeon, and saw 16 of its levels.
You also visited: Ossuary, Bailey, Ice Cave and Volcano.

You collected 1348 gold pieces.
You spent 448 gold pieces at shops.

Inventory:

Hand Weapons
 a - a +2 scimitar of flaming (weapon)
 b - a +1 long sword
 e - a +0 hand cannon
 A - the +7 quarterstaff "Mara" {heavy, rPois rC+ Will+++ Int+2}
   (You took it off a spriggan in a bailey)

   Int+2:     It affects your intelligence (+2).
   rC+:       It protects you from cold.
   rPois:     It protects you from poison Will+++: It greatly increases your
   willpower.
 K - the +7 flail "Sujurod" {speed, rPois Dex+2}
   (You found it in an ice cave)

   Dex+2:     It affects your dexterity (+2).
   rPois:     It protects you from poison
 N - the +6 hand axe "Bifips" {protect, rC+ Will+ Str-3}
   (You found it in an ice cave)

   Str-3:     It affects your strength (-3).
   rC+:       It protects you from cold.
   Will+:     It increases your willpower.
Missiles
 Q - a throwing net (quivered)
Armour
 c - the +4 ring mail of the Armoured One {-Cast rC+ rN+++ Str+2}
   (You found it on level 3 of the Dungeon)

   Str+2:     It affects your strength (+2).
   rC+:       It protects you from cold.
   rN+++:     It renders you almost immune to negative energy.
   -Cast:     It prevents spellcasting.
 d - a +2 tower shield of cold resistance (worn)
 r - a +0 plate armour (worn)
 C - a scarf of resistance (worn)
 I - a +2 pair of gloves (worn)
 X - a +1 hat of intelligence (worn)
Jewellery
 f - an amulet of regeneration (around neck)
 k - an amulet of guardian spirit
 m - a ring of poison resistance (left hand)
 q - a ring of positive energy
 H - a +6 ring of intelligence
 L - a ring of flight (right hand)
 O - a ring of wizardry
 S - a +5 ring of evasion
Talismans
 s - a granite talisman
Wands
 j - a wand of flame (33)
 p - a wand of paralysis (17)
 x - a wand of quicksilver (11)
 E - a wand of polymorph (13)
 M - a wand of iceblast (5)
Scrolls
 g - 3 scrolls of fear
 h - 4 scrolls of vulnerability
 i - 3 scrolls of poison
 n - a scroll of fog
 o - 2 scrolls of amnesia
 y - 3 scrolls of teleportation
 z - a scroll of blinking
 F - 3 scrolls of enchant weapon
 J - 2 scrolls of silence
 T - a scroll of enchant armour
 W - a scroll of acquirement
Potions
 l - 2 potions of magic
 t - 2 potions of mutation
 u - a potion of haste
 v - 3 potions of curing
 w - 2 potions of brilliance
 D - 4 potions of lignification
 G - a potion of resistance
 P - a potion of might
 R - 2 potions of invisibility {unknown}
 U - a potion of attraction
Miscellaneous
 B - a phial of floods


   Skills:
 + Level 13.6 Fighting
 + Level 16.2 Long Blades
 + Level 1.3 Ranged Weapons
 + Level 14.2 Armour
 + Level 3.6 Dodging
 + Level 2.2 Stealth
 + Level 15.6 Shields
 + Level 0.9 Invocations
 + Level 2.1 Evocations


You had 13 spell levels left.
You didn't know any spells.
Your spell library contained the following spells:

 Spells                   Type           Power      Damage    Failure   Level
 Magic Dart               Conj           0%         1d3       100%        1
 Blink                    Tloc           0%         N/A       100%        2
 Lesser Beckoning         Tloc           0%         N/A       100%        2
 Momentum Strike          Conj/Tloc      0%         3d8       100%        2
 Searing Ray              Conj           0%         2d4       100%        2
 Sublimation of Blood     Necr           0%         N/A       100%        2
 Fugue of the Fallen      Necr           0%         N/A       100%        3
 Gell's Gravitas          Tloc           0%         N/A       100%        3
 Hailstorm                Conj/Ice       0%         3d5       100%        3
 Ozocubu's Armour         Ice            0%         N/A       100%        3
 Teleport Other           Tloc           0%         N/A       100%        3
 Cause Fear               Hex            0%         N/A       100%        4
 Fulminant Prism          Conj/Alch      0%         3d5       100%        4
 Manifold Assault         Tloc           0%         N/A       100%        4
 Vhi's Electric Charge    Tloc/Air       0%         N/A       100%        4
 Arcjolt                  Conj/Air       0%         1d10      100%        5
 Fireball                 Conj/Fire      0%         3d3       100%        5
 Dispersal                Tloc           0%         N/A       100%        6
 Ozocubu's Refrigeration  Ice            0%         4d7       100%        7
 Maxwell's Capacitive Co  Air            0%         ∞         100%        8
 Polar Vortex             Ice            0%         N/A       100%        9
 Summon Small Mammal      Summ           Unusable   N/A       N/A         1
 Call Imp                 Summ           Unusable   N/A       N/A         2
 Call Canine Familiar     Summ           Unusable   N/A       N/A         3
 Summon Ice Beast         Ice/Summ       Unusable   N/A       N/A         3
 Summon Blazeheart Golem  Fire/Summ      Unusable   N/A       N/A         4
 Sculpt Simulacrum        Ice/Alch       Unusable   N/A       N/A         6
 Summon Hydra             Summ           Unusable   N/A       N/A         7
 Dragon's Call            Summ           Unusable   N/A       N/A         9

Dungeon Overview and Level Annotations

Branches:
Dungeon (11/15)            Temple (1/1) D:7            Lair (4/5) D:9
  Swamp (0/4) Lair:3       Spider (0/4) Lair:2      Ossuary (visited)
 Bailey (visited)           IceCv (visited)         Volcano (1/1)
  Slime: Lair:4-5       Orc: D:9-12

Altars:
Ashenzari
Cheibriados
Dithmenos
Elyvilon
Fedhas
Gozag
Hepliaklqana
Kikubaaqudgha
Makhleb
Nemelex Xobeh
Okawaru
Qazlal
Ru
Sif Muna
Trog
Uskayaw
Vehumet
Wu Jian
Xom
Yredelemnul
Zin
The Shining One
Lugonu

Shops:
D:5 *   D:9 [*

Portals:
Abyss: D:4

Annotations:
D:4 Dig - 2 runed translucent doors
D:5 3 runed translucent doors, P0WERM0DE's ghost, amateur DrAl
D:8 2 transporters, koorschki's ghost, novice DsSh
D:9 1 runed translucent door, kalagan's ghost, novice DECj


Innate Abilities, Weirdness & Mutations

You have a pair of horns on your head.
You reflexively headbutt those who attack you in melee.


Message History

The two-headed ogre is lightly wounded.
You block the two-headed ogre's attack. The two-headed ogre barely misses you.
You slash the two-headed ogre! You burn the two-headed ogre.
You headbutt the two-headed ogre!
The two-headed ogre is severely wounded.
You slice the two-headed ogre!! You burn the two-headed ogre.
You headbutt the two-headed ogre, but do no damage.
The two-headed ogre is almost dead.
The two-headed ogre closely misses you. You block the two-headed ogre's attack.
You barely miss the two-headed ogre.
Your headbutt misses the two-headed ogre.
The two-headed ogre is almost dead.
A two-headed ogre comes into view.
It is wielding two +0 giant clubs of flaming.
You barely miss the two-headed ogre.
The two-headed ogre shouts in stereo!
You headbutt the two-headed ogre.
You kill the two-headed ogre!
Okawaru accepts your kill.
You see here 2 boomerangs.
You feel like a meek peon again.
The two-headed ogre hits you with a +0 giant club of flaming!!
* * * LOW HITPOINT WARNING * * *
The two-headed ogre burns you.
* * * LOW HITPOINT WARNING * * *
You block the two-headed ogre's attack.
You slice the two-headed ogre!! You burn the two-headed ogre.
The two-headed ogre is heavily wounded.
You hit the two-headed ogre. You burn the two-headed ogre.
Your headbutt misses the two-headed ogre.
The two-headed ogre is heavily wounded.
You block the two-headed ogre's attack. x2
You hit the two-headed ogre. You burn the two-headed ogre.
You headbutt the two-headed ogre!
The two-headed ogre is severely wounded.
You barely miss the two-headed ogre.
The two-headed ogre is severely wounded.
The two-headed ogre hits you with a +0 giant club of flaming!!
* * * LOW HITPOINT WARNING * * *
The two-headed ogre burns you.
You die...

....§≈§≈≈≈≈≈≈≈≈≈≈≈..#
.....≈≈≈≈§§§§§≈≈§§..#
#.....≈≈§≈§≈≈≈≈§§...#
###....≈≈§§≈≈≈≈....##
##.§..≈≈≈≈≈......#
##....§≈§.......#
#.....§≈.......##
###.......##...#
##.....###8@8#
##...#.###O## #...###
#)# ##### #)# #...#
#..∩..# #..###..#
#..# #..# #.O# '#..#


You could see a two-headed ogre.

Vanquished Creatures
  Gastronok (Lair:2)
  A reaper (IceCv)
  A red draconian (Volcano)
  An ogre mage (Volcano)
  5 hydras
  7 two-headed ogres
  3 death yaks (Lair:3)
  Erica (D:9)
  Amaemon (Lair:1)
  2 skysharks
  2 ugly things
  An oklob plant (Lair:2)
  Maurice (D:7)
  2 cyclopes (D:11)
  5 elephants (Lair:3)
  Joseph (D:7)
  9 black mambas
  An ice statue (IceCv)
  A gargoyle (D:8)
  An orange demon (Lair:1)
  10 cane toads
  Jeremiah (D:9)
  6 rime drakes
  Maggie (D:9)
  6 komodo dragons
  2 trolls (D:9)
  5 polar bears
  A hornet (D:10)
  15 blink frogs
  A dream sheep (Lair:2)
  3 spriggans (Bailey)
  6 culicivoras (Lair:2)
  12 yaks
  6 wyverns
  5 fire bats (Volcano)
  3 wraiths
  Eustachio (D:6)
  Menkaure (D:7)
  5 basilisks
  2 steam dragons
  Grum (D:8)
  A death yak simulacrum (IceCv)
  2 vampire mosquitoes (D:10)
  2 swamp worms (Lair:3)
  3 acid dragons
  22 water moccasins
  2 hydra simulacra (IceCv)
  3 orc warriors
  An ice beast (D:6)
  A black bear (D:6)
  3 sky beasts
  14 wolves
  5 ogres
  7 centaurs
  2 phantoms
  A weeping skull (Ossuary)
  2 kobold brigands
  2 elf zombies (Ossuary)
  8 bullfrogs
  3 scorpions
  Blork the orc (D:7)
  A gnoll sergeant (D:8)
  2 cane toad simulacra (IceCv)
  8 two-headed ogre simulacra
  A wight (D:7)
  2 elephant simulacra (IceCv)
  5 killer bees (D:10)
  An electric eel (Lair:1)
  7 howler monkeys
  2 jellies
  3 lava snakes (Volcano)
  3 centaur zombies (Ossuary)
  2 hounds (D:5)
  7 orc priests
  A sleepcap (D:5)
  Jessica (D:2)
  6 iguanas
  9 orc wizards
  8 troll simulacra
  A polar bear simulacrum (IceCv)
  4 spriggan simulacra
  A wolf simulacrum (IceCv)
  2 crocodile zombies (Ossuary)
  3 mummies (Ossuary)
  Robin (D:4)
  9 gnolls
  15 adders
  5 naga simulacra (IceCv)
  A shadow imp (D:6)
  9 white imps
  8 ufetubi (IceCv)
  5 adder zombies (Ossuary)
  A dart slug (D:1)
  2 ribbon worms
  44 orcs
  9 ball pythons
  4 endoplasms
  5 giant cockroaches
  4 gnoll zombies (Ossuary)
  24 goblins
  6 hobgoblins
  5 jackals
  9 kobolds
  2 quokkas
  4 bats
  6 frilled lizards
  4 jackal zombies (Ossuary)
  5 kobold zombies (Ossuary)
  2 orc zombies (Ossuary)
  6 rats
  A butterfly (Lair:1)
501 creatures vanquished.

Vanquished Creatures (others)
  A molten gargoyle (Volcano)
  An orc wizard (D:8)
2 creatures vanquished.

Grand Total: 503 creatures vanquished

Notes
Turn   | Place    | Note
-------+----------+-------------------------------------------
     0 | D:1      | Peloso the Minotaur Fighter began the quest for the Orb.
     0 | D:1      | Reached XP level 1. HP: 19/19 MP: 0/0
   152 | D:1      | Reached XP level 2. HP: 27/27 MP: 1/1
   923 | D:2      | Reached skill level 3 in Long Blades
   924 | D:2      | Reached XP level 3. HP: 29/33 MP: 2/2
  1021 | D:2      | Reached skill level 1 in Dodging
  1112 | D:2      | Noticed Jessica
  1124 | D:2      | Killed Jessica
  1125 | D:2      | Reached XP level 4. HP: 23/39 MP: 3/3
  1260 | D:2      | Reached skill level 4 in Long Blades
  1394 | D:2      | Reached XP level 5. HP: 42/47 MP: 4/4
  1493 | D:3      | Found a burning altar of Makhleb.
  1509 | D:3      | Identified the +4 ring mail of the Armoured One {-Cast rC+
                  | rN+++ Str+2}
  1665 | D:3      | Found a shadowy altar of Dithmenos.
  2011 | D:3      | Reached skill level 5 in Long Blades
  2259 | D:4      | Noticed Robin
  2265 | D:4      | Reached XP level 6. HP: 53/53 MP: 5/5
  2294 | D:4      | Found a large runed translucent door.
  2311 | D:4      | Killed Robin
  2385 | D:4      | Found a large runed translucent door.
  2386 | D:4      | Found a corrupted altar of Lugonu.
  2697 | D:4      | Found a one-way gate to the infinite horrors of the Abyss.
  2767 | D:4      | Reached skill level 6 in Long Blades
  2784 | D:4      | Reached skill level 5 in Armour
  2940 | D:4      | Identified the +3 ring mail of Rel Dobb {rElec rF+ Dex+2}
  3142 | D:5      | Entered Level 5 of the Dungeon
  3144 | D:5      | Found Qaoteos's General Store.
  3211 | D:5      | Noticed a water moccasin
  3222 | D:5      | Killed a water moccasin
  3223 | D:5      | Reached skill level 5 in Fighting
  3223 | D:5      | Reached XP level 7. HP: 33/61 MP: 6/6
  3318 | D:5      | Reached skill level 5 in Shields
  3335 | D:5      | Reached skill level 7 in Long Blades
  3530 | D:5      | HP: 2/61 [acid (5)]
  3581 | D:5      | Found a sand-covered staircase.
  3592 | Ossuary  | Entered an ossuary
  3615 | Ossuary  | Reached XP level 8. HP: 69/69 MP: 7/7
  3720 | Ossuary  | Reached skill level 8 in Long Blades
  3902 | Ossuary  | Reached skill level 1 in Ranged Weapons
  4021 | D:5      | Reached skill level 9 in Long Blades
  4086 | D:5      | Found a runed translucent gate.
  4087 | D:5      | Found a runed translucent gate.
  4093 | D:5      | Found a runed translucent gate.
  4094 | D:5      | Noticed P0WERM0DE's ghost (amateur DrAl)
  4334 | D:6      | Found an ornate altar of the Wu Jian Council.
  4356 | D:6      | Reached skill level 10 in Long Blades
  4557 | D:5      | Reached XP level 9. HP: 54/77 MP: 8/8
  4615 | D:5      | Reached skill level 1 in Stealth
  4997 | D:7      | Noticed Eustachio
  5013 | D:6      | Reached skill level 11 in Long Blades
  5083 | D:6      | Killed Eustachio
  5111 | D:7      | Noticed Blork the orc
  5123 | D:7      | Killed Blork the orc
  5155 | D:7      | Reached skill level 12 in Long Blades
  5160 | D:7      | Noticed Joseph
  5184 | D:7      | Killed Joseph
  5301 | D:7      | Noticed Menkaure
  5311 | D:7      | Killed Menkaure
  5375 | D:7      | Found a staircase to the Ecumenical Temple.
  5382 | D:7      | Noticed Maurice
  5388 | Temple   | Entered the Ecumenical Temple
  5402 | Temple   | Became a worshipper of Warmaster Okawaru
  5423 | D:7      | Maurice stole a +2 hand axe of flaming
  5435 | D:7      | Something stole a granite talisman
  5437 | D:7      | Something stole an amulet of guardian spirit
  5439 | D:7      | Killed Maurice
  5440 | D:7      | Reached XP level 10. HP: 56/88 MP: 1/9
  5512 | D:7      | Found a broken altar of Ashenzari.
  5866 | D:8      | Noticed a gargoyle
  5884 | D:8      | Killed a gargoyle
  5887 | D:8      | Reached * piety under Okawaru
  5888 | D:8      | Reached skill level 13 in Long Blades
  5903 | D:8      | Noticed Grum
  5923 | D:8      | Killed Grum
  5964 | D:8      | Found a flagged portal.
  5974 | Bailey   | Entered a bailey
  6430 | Bailey   | Noticed a two-headed ogre
  6434 | Bailey   | Identified the +7 quarterstaff "Mara" {heavy, rPois rC+
                  | Will+++ Int+2}
  6442 | Bailey   | Killed a two-headed ogre
  6618 | Bailey   | Reached skill level 10 in Armour
  6818 | D:8      | Found a transporter.
  6819 | D:8      | Found a transporter.
  6819 | D:8      | Noticed koorschki's ghost (novice DsSh)
  6828 | D:8      | Reached ** piety under Okawaru
  7258 | D:9      | Noticed Erica
  7264 | D:9      | Noticed Jeremiah
  7279 | D:9      | Killed Erica
  7280 | D:9      | Reached XP level 11. HP: 65/97 MP: 7/10
  7347 | D:9      | Killed Jeremiah
  7380 | D:9      | Found Rithram's Neck Hole.
  7433 | D:9      | Noticed Maggie
  7442 | D:9      | Killed Maggie
  7452 | D:9      | Bought a scarf of resistance for 448 gold pieces
  7588 | D:9      | Found a runed translucent door.
  7588 | D:9      | Noticed kalagan's ghost (novice DECj)
  7615 | D:9      | Reached skill level 1 in Evocations
  7683 | D:9      | Reached *** piety under Okawaru
  7688 | D:9      | Reached skill level 10 in Fighting
  7899 | D:9      | Found Ehupp's Antique Armour Shop.
  7905 | D:9      | Found an ancient bone altar of Kikubaaqudgha.
  7909 | D:9      | Found a glowing silver altar of Zin.
  8072 | D:9      | Reached skill level 14 in Long Blades
  8194 | D:9      | Found a staircase to the Lair.
  8322 | D:10     | Entered Level 10 of the Dungeon
  8435 | D:10     | You fall into a shaft and drop 1 floor!
  8458 | D:11     | Noticed a cyan ugly thing
  8473 | D:11     | Killed a cyan ugly thing
  8577 | D:11     | Reached **** piety under Okawaru
  8642 | D:11     | Found a frozen archway.
  8683 | IceCv    | Entered an ice cave
  9135 | IceCv    | Noticed a reaper
  9143 | IceCv    | Killed a reaper
  9160 | IceCv    | Identified the +6 hand axe "Bifips" {protect, rC+ Will+
                  | Str-3}
  9183 | IceCv    | Identified the +7 flail "Sujurod" {speed, rPois Dex+2}
  9239 | IceCv    | Noticed a white ugly thing
  9251 | IceCv    | Killed a white ugly thing
  9251 | IceCv    | Reached ***** piety under Okawaru
  9396 | IceCv    | Reached XP level 12. HP: 110/110 MP: 11/11
  9654 | D:11     | Noticed a two-headed ogre
  9659 | D:11     | Killed a two-headed ogre
 10155 | D:10     | Noticed a two-headed ogre
 10166 | D:10     | Killed a two-headed ogre
 10170 | D:10     | Reached skill level 15 in Long Blades
 10182 | D:10     | Reached skill level 10 in Shields
 10715 | Lair:1   | Entered Level 1 of the Lair of Beasts
 10978 | Lair:1   | Received a gift from Okawaru
 10978 | Lair:1   | Noticed Amaemon
 10991 | Lair:1   | Killed Amaemon
 11636 | Lair:1   | HP: 1/112 [cane toad (11)]
 11981 | Lair:2   | Received a gift from Okawaru
 12011 | Lair:2   | Found a hole to the Spider Nest.
 12062 | Lair:2   | Noticed Gastronok
 12334 | Lair:2   | Noticed an eight-headed hydra
 12343 | Lair:2   | Killed a three-headed hydra
 12344 | Lair:2   | Reached XP level 13. HP: 62/119 MP: 12/12
 12737 | Lair:2   | Killed Gastronok
 12737 | Lair:2   | Received a gift from Okawaru
 13141 | Lair:2   | Identified a scroll of acquirement
 13617 | Lair:3   | Received a gift from Okawaru
 13931 | Lair:3   | Found a staircase to the Swamp.
 14376 | Lair:4   | Received a gift from Okawaru
 14391 | Lair:4   | Reached skill level 16 in Long Blades
 14642 | Lair:4   | Reached skill level 15 in Shields
 14696 | Lair:4   | Reached XP level 14. HP: 75/129 MP: 13/13
 14809 | Lair:4   | Found a dark tunnel.
 14818 | Volcano  | Entered a volcano
 15040 | Volcano  | Received a gift from Okawaru
 15066 | Volcano  | Paralysed by something for 3 turns
 15120 | Volcano  | HP: 3/129 [two-headed ogre/+0 giant club of flaming (23)]
 15120 | Volcano  | Slain by a two-headed ogre

Illustrated notes

Levels and vault maps discovered:
D:1:      dpeg_arrival_connections, layout_loops_corners, st_stairs_11,
          minmay_misc_feat_tower, minmay_indecisive_spiral
D:2:      layout_rooms, minmay_crystal_water, uniq_jessica
D:3:      minmay_recursive_quarters, layout_basic, overflow_temple_1_default,
          grunt_dithmenos_smoke
D:4:      due_chaos_kobolds, layout_loops_cross, lightli_corner_chamber,
          uniq_robin
D:5:      layout_basic, nicolae_ossuary_entry_monument,
          gammafunk_ghost_necromancy, serial_shops, shop,
          kennysheep_generic_room_6
D:6:      layout_rooms, lemuel_crystal_altar, nicolae_sextant,
          minmay_misc_feat_four_crosses, chequers_decorated_corner,
          minmay_ogre_servants
D:7:      layout_rooms, overflow_temple_1_default, minmay_temple_entry_waves,
          sword_in_stone, uniq_joseph, uniq_maurice, uniq_menkaure
D:8:      layout_rooms, enter_bailey_8, gammafunk_ghost_hive, uniq_grum
D:9:      layout_rooms, lemuel_crystal_altar, mainiacjoe_overflow_catwalk,
          erik_lair_dragon, gammafunk_ghost_grave, serial_shops,
          nicolae_shop_getting_attention, nicolae_shop_sticking_my_neck_out,
          uniq_erica, uniq_jeremiah, uniq_maggie
D:10:     layout_rooms, serial_aquarium, aquarium_bridge_straight
          [aquarium_subvault_bridge, aquarium_subvault_wall,
          aquarium_subvault_bridge, aquarium_subvault_wall],
          aquarium_bridge_square [aquarium_subvault_bridge,
          aquarium_subvault_wall, aquarium_subvault_wall,
          aquarium_subvault_wall], aquarium_window_corridor_1,
          aquarium_window_2, aquarium_view_2a, aquarium_view_2c, aquarium_pool_S
D:11:     layout_roguey, portal_ice_cave_entry_ice_simulacra
Temple:   lightli_temple_of_artemis
Lair:1:   layout_gridlike, lemuel_fruit_fields, lemuel_fruit_tree, uniq_amaemon
Lair:2:   nzn_winding_woodlands_medium [nzn_winding_woodlands_hourglass,
          nzn_winding_woodlands_5x15_crooked,
          nzn_winding_woodlands_5x5_closed_star,
          nzn_winding_woodlands_5x5_open_star,
          nzn_winding_woodlands_center_diamonds,
          nzn_winding_woodlands_5x5_perimeter, nzn_winding_woodlands_5x5_cross,
          nzn_winding_woodlands_5x15_jagged,
          nzn_winding_woodlands_5x5_checkerboard], layout_gridlike,
          hellmonk_spider_entry_life_and_decay, uniq_gastronok
Lair:3:   layout_big_grid, palyth_hydra_swamp_entry, grunt_megastairs_5,
          serial_bayou_shore_b
Lair:4:   layout_gridlike, nicolae_volcano_entry_vermiform, beast_lair_carwin_4,
          grunt_megastairs_4, infiniplex_staircase_pool
Volcano:  volcano_grotto [vgs_dualism]

Skill      XL: |  1  2  3  4  5  6  7  8  9 10 11 12 13 14 |
---------------+-------------------------------------------+-----
Shields        | 4 5 6 7 9 12 15 | 15.6
Fighting       | 4 5 6 7 9 11 12 13 | 13.6
Armour         | 4 5 6 7 8 10 11 12 13 14 | 14.2
Long Blades    | 3 4 5 6 7 10 12 13 14 15 16 | 16.2
Dodging        | 1 2 3 |  3.6
Ranged Weapons | 1 |  1.3
Stealth        | 1 2 |  2.2
Evocations     | 2 |  2.1
Invocations    | |  0.9

Action                     |  1- 3 |  4- 6 |  7- 9 | 10-12 | 13-15 || total
---------------------------+-------+-------+-------+-------+-------++-------
  Melee: Long sword        |    94 |   214 |   479 |   159 |       ||   946
         Headbutt          |    11 |    35 |    91 |   164 |   150 ||   451
         Punch             |       |       |     1 |     3 |       ||     4
         Scimitar          |       |       |       |   664 |   582 ||  1246
   Fire: Hand cannon       |       |     4 |     5 |       |       ||     9
 Invoke: Heroism           |       |       |       |     6 |     5 ||    11
  Evoke: Wand              |       |     5 |       |    10 |       ||    15
    Use: Scroll            |     2 |     3 |     8 |    14 |     3 ||    30
         Potion            |       |       |     2 |     6 |     2 ||    10
   Stab: Distracted        |       |       |       |     1 |       ||     1
 Armour: Scale mail        |    84 |    17 |       |       |       ||   101
         Plate armour      |       |   101 |   453 |   477 |   505 ||  1536
         Ring mail         |       |    23 |       |    46 |       ||    69
  Dodge: Dodged            |    65 |    95 |   168 |   170 |   118 ||   616
  Block: Buckler           |    24 |    41 |   110 |       |       ||   175
         Kite shield       |       |       |       |   122 |       ||   122
         Tower shield      |       |       |       |   382 |   821 ||  1203
